 Dungeon Crawl Stone Soup version 0.28.0-62-gf88900778d (webtiles) character file.

Game seed: 3960495106111607221

894 cbfl8 the Cleaver (level 7, -29/64 HPs)
             Began as a Minotaur Berserker on Nov 2, 2023.
             Was a Priest of Trog.
             Killed by an exploding water moccasin (36 damage)
             ... ignited by their inner flame
             ... on level 5 of the Dungeon.
             The game lasted 00:04:31 (5998 turns).

cbfl8 the Cleaver (Minotaur Berserker)              Turns: 5998, Time: 00:04:32

Health: -29/64     AC:  2    Str: 21    XL:     7   Next: 78%
Magic:  6/6        EV: 12    Int:  4    God:    Trog [***...]
Gold:   183        SH:  0    Dex: 12    Spells: 6/6 levels left

rFire   . . .      SeeInvis .   m - +1 war axe
rCold   . . .      Faith    .   (no shield)
rNeg    . . .      Spirit   .   b - +0 animal skin
rPois   .          Reflect  .   (helmet restricted)
rElec   .          Harm     .   (no cloak)
rCorr   .          Rampage  .   (no gloves)
Will    .....                   (no boots)
Stlth   +.........              (no amulet)
HPRegen 0.20/turn               (no ring)
MPRegen 0.10/turn               (no ring)

@: lethally poisoned (-29 -> -39)
A: horns 2, retaliatory headbutt
a: Renounce Religion, Berserk, Trog's Hand


You were on level 5 of the Dungeon.
You worshipped Trog.
Trog was most pleased with you.
You visited 1 branch of the dungeon, and saw 5 of its levels.

You collected 183 gold pieces.

Inventory:

Hand Weapons
 m - a +1 war axe (weapon)
Missiles
 j - 2 throwing nets
Armour
 b - a +0 animal skin (worn)
Wands
 f - a wand of mindburst (6)
 k - a wand of acid (3) (quivered)
Scrolls
 e - a scroll of holy word
 g - 2 scrolls of identify
 i - a scroll of immolation
Potions
 a - a potion of brilliance {unknown}
 d - 2 potions of mutation
 l - a potion of haste {unknown}


   Skills:
 + Level 6.6 Fighting
 + Level 8.4 Axes
 + Level 2.7 Armour
 - Level 2.1 Dodging
 * Level 3.4 Evocations


You had 6 spell levels left.
You didn't know any spells.
Your spell library was empty.

Dungeon Overview and Level Annotations

Branches:
Dungeon (5/15)             Temple (0/1) D:4

Altars:


Innate Abilities, Weirdness & Mutations

You have a pair of horns on your head.
You reflexively headbutt those who attack you in melee.


Message History

It was a potion of heal wounds.
You feel much better.
You feel very sick. The water moccasin bites you.
You are more poisoned.
The water moccasin poisons you!
The water moccasin completely misses you.
Okay, then.
Aiming: Corrosive Bolt
Press: ? - help, Q - select action, (/) - cycle Shift-Dir - straight line, f - jelly
Aim: a jelly (heavily wounded, inner flame, 100% to hit)
The bolt of acid misses the water moccasin.
The bolt of acid hits the jelly.
The jelly completely resists.
The jelly is heavily wounded.
You feel very sick. The water moccasin closely misses you.
Unknown command.
Aiming: Corrosive Bolt
Press: ? - help, Q - select action, (/) - cycle Shift-Dir - straight line, f - water moccasin, p - jelly
Aim: a water moccasin (lightly wounded, inner flame, 57% to hit)
The bolt of acid misses the water moccasin.
You feel very sick. The water moccasin bites you.
* * * LOW HITPOINT WARNING * * *
Aiming: Corrosive Bolt
Press: ? - help, Q - select action, (/) - cycle Shift-Dir - straight line, f/p - water moccasin
Aim: a water moccasin (lightly wounded, inner flame, 57% to hit)
The bolt of acid hits the water moccasin!
Flame seeps out of the water moccasin.
The water moccasin is heavily wounded.
You feel sick.
The water moccasin is engulfed in blazing flames.
Flame seeps out of the water moccasin.
The water moccasin bites you!
* * * LOW HITPOINT WARNING * * *
The water moccasin is engulfed in blazing flames.
Trog accepts your kill.
The water moccasin explodes!
The fiery explosion engulfs you!!!
Ouch! That really hurt!
You die...

#. . ... .. . ##+##
.##.### ##. .#
##...###....... .. ..
##.....##.##.#.##!#.#
##.......#.##........#..
##.............#§#§.(...#
............##.#§○JY..#
#...........##..@#)......
#.......#.##.#.#.#.##.#
##.....##....#.... ..
##...###.##.#.#.## ##
##'###..##.......
#......##.#.##.##
#)###..##.#.# .#
##.###........ .
##..............


You could see a yak and a jelly (inner flame).

Vanquished Creatures
  Prince Ribbit (D:5)
  A water moccasin (D:5)
  An ice beast (D:3)
  A necrophage (D:4)
  A kobold brigand (D:4)
  A water moccasin zombie (D:5)
  A bullfrog zombie (D:5)
  An orc priest (D:5)
  2 bullfrog skeletons
  2 orc wizards (D:5)
  Robin (D:2)
  6 gnolls
  7 adders
  A white imp (D:3)
  An adder skeleton (D:4)
  A dart slug (D:2)
  4 orcs
  5 bats
  3 endoplasms
  3 giant cockroaches
  23 goblins
  4 hobgoblins
  5 jackals
  2 quokkas
  11 ball pythons
  3 frilled lizards
  7 kobolds
  5 rats
104 creatures vanquished.

Notes
Turn   | Place    | Note
-------+----------+-------------------------------------------
     0 | D:1      | cbfl8 the Minotaur Berserker began the quest for the Orb.
     0 | D:1      | Reached XP level 1. HP: 19/19 MP: 0/0
   230 | D:1      | Reached XP level 2. HP: 26/27 MP: 1/1
   391 | D:1      | Reached skill level 4 in Axes
   442 | D:1      | Found a faded altar of an unknown god.
  1095 | D:2      | Reached skill level 1 in Evocations
  1106 | D:2      | Reached XP level 3. HP: 9/33 MP: 2/2
  1342 | D:2      | Noticed Robin
  1388 | D:2      | Reached ** piety under Trog
  1752 | D:2      | Killed Robin
  1988 | D:2      | Reached XP level 4. HP: 35/41 MP: 3/3
  2538 | D:3      | Reached skill level 5 in Axes
  2996 | D:3      | Reached XP level 5. HP: 37/47 MP: 4/4
  3089 | D:3      | Noticed an ice beast
  3104 | D:3      | Killed an ice beast
  3105 | D:3      | Reached skill level 5 in Fighting
  3105 | D:3      | Reached skill level 6 in Axes
  3348 | D:3      | Reached XP level 6. HP: 54/56 MP: 5/5
  3658 | D:3      | Reached *** piety under Trog
  4179 | D:4      | Found a staircase to the Ecumenical Temple.
  4367 | D:4      | Reached skill level 7 in Axes
  4871 | D:5      | Entered Level 5 of the Dungeon
  4871 | D:5      | Noticed Prince Ribbit
  4892 | D:5      | Killed Prince Ribbit
  4893 | D:5      | Reached XP level 7. HP: 32/63 MP: 6/6
  5384 | D:5      | Reached skill level 8 in Axes
  5985 | D:5      | Noticed a yak
  5998 | D:5      | Killed by an exploding water moccasin... ignited by their
                  | inner flame

Illustrated notes

Levels and vault maps discovered:
D:1:      erik_arrival_blinker_ship, layout_basic,
          shapermc_ecumenical_altar_ellora
D:2:      layout_rooms, uniq_robin
D:3:      layout_loops_ring
D:4:      layout_gridville, minmay_temple_entry_antechambers
D:5:      layout_loops_corners, minmay_diced_spiral, uniq_prince_ribbit1

Skill      XL: |  1  2  3  4  5  6  7 |
---------------+----------------------+-----
Axes           | 4 5 6 7 8 |  8.4
Evocations     | 1 2 3 |  3.4
Fighting       | 4 5 6 |  6.6
Armour         | |  2.7
Dodging        | |  2.1

Action                   |  1- 3 |  4- 6 |  7- 9 || total
-------------------------+-------+-------+-------++-------
Melee: Hand axe          |    82 |    62 |       ||   144
       Headbutt          |    12 |    18 |     9 ||    39
       Punch             |     2 |       |       ||     2
       War axe           |       |    57 |    34 ||    91
Invok: Berserk           |     1 |     2 |       ||     3
Evoke: Wand              |       |       |     3 ||     3
  Use: Potion            |     1 |       |     2 ||     3
       Scroll            |       |     5 |     3 ||     8
Armor: Animal skin       |    20 |    17 |     3 ||    40
Dodge: Dodged            |    67 |    70 |    26 ||   163
